 Dungeon Crawl Stone Soup version 0.24-a0-378-g94936e539c (webtiles) character file.

Game seed: 9600319516828633071

1213 dazzled the Covert (level 8, -4/52 HPs)
             Began as an Octopode Assassin on June 1, 2019.
             Was a Believer of Okawaru.
             Slain by an ogre
             ... wielding a +0 giant club
              (8 damage)
             ... on level 6 of the Dungeon.
             The game lasted 00:14:24 (5268 turns).

dazzled the Covert (Octopode Assassin)              Turns: 5268, Time: 00:14:25

Health: -4/52      AC:  1    Str: 10    XL:     8   Next: 46%
Magic:  10/10      EV: 10    Int: 14    God:    Okawaru [**....]
Gold:   276        SH: 11    Dex: 15    Spells: 2/7 levels left

rFire    . . .     SeeInvis +   a - +2 dagger
rCold    . . .     Gourm    .   q - +0 large shield
rNeg     . . .     Faith    .   (helmet restricted)
rPois    .         Spirit   .   y - amulet of magic regeneration
rElec    .         Reflect  .   t - ring of see invisible
rCorr    .         Harm     .   (no ring)
MR       .....                  (no ring)
Stlth    +++++.....             (no ring)
HPRegen  0.17/turn              (no ring)
MPRegen  0.37/turn              (no ring)
                                (no ring)
                                (no ring)

@: no status effects
A: almost no armour, stealthy swim, amphibious, 8 rings, constrict 8, camouflage
1, gelatinous body 1
a: Heroism, Renounce Religion


You were on level 6 of the Dungeon.
You worshipped Okawaru.
Okawaru was pleased with you.
You were not hungry.

You visited 1 branch of the dungeon, and saw 6 of its levels.

You collected 276 gold pieces.

Inventory:

Hand Weapons
 a - a +2 dagger (weapon)
Missiles
 b - 37 poisoned darts
 c - 2 curare-tipped darts
 w - 5 boomerangs (quivered)
Armour
 q - a +0 large shield (worn)
Jewellery
 t - a ring of see invisible (left tentacle)
 y - an amulet of magic regeneration (around mantle)
Wands
 x - a wand of iceblast (9)
Scrolls
 e - 2 scrolls of identify
 f - a scroll of amnesia {unknown}
 h - 2 scrolls of teleportation {unknown}
 j - a scroll of fog {unknown}
 k - 3 scrolls of remove curse {unknown}
 l - a scroll of noise {unknown}
 m - a scroll of random uselessness {unknown}
 o - a scroll of fear {unknown}
 r - a scroll of magic mapping {unknown}
Potions
 g - a potion of experience {unknown}
 i - 2 potions of heal wounds
 n - a potion of lignification {unknown}
 p - a potion of haste {unknown}
 s - 2 potions of magic {unknown}
 u - a potion of degeneration {unknown}
 v - a potion of agility {unknown}
 z - a potion of brilliance {unknown}
Comestibles
 d - 8 rations
 A - 5 chunks of flesh


   Skills:
 + Level 3.5 Fighting
 + Level 5.2 Short Blades
 - Level 4.1 Throwing
 - Level 3.0 Dodging
 - Level 8.8 Stealth
 * Level 2.1 Shields
 - Level 3.3 Invocations


You had 2 spell levels left.
You knew the following spells:

 Your Spells              Type           Power        Failure   Level  Hunger
a - Call Canine Familiar  Summ           #.......     100%        3    ####...
b - Call Imp              Summ           #.......     100%        2    ###....

Your spell library contained the following spells:

 Spells                   Type           Power        Failure   Level  Hunger
 Summon Small Mammal      Summ           #...         99%         1    ##.....
 Summon Guardian Golem    Hex/Summ       #.......     100%        3    ####...
 Summon Ice Beast         Ice/Summ       #.......     100%        4    #####..
 Summon Lightning Spire   Summ/Air       #.......     100%        4    #####..


Dungeon Overview and Level Annotations

Branches:
Dungeon (6/15)
 Temple: D:4-7

Altars:
Cheibriados
Dithmenos
Fedhas
Makhleb
Okawaru
Qazlal
Ru
Sif Muna
Trog
Vehumet
The Shining One

Annotations:
D:1 exclusion: 2 downstairs
D:2 1 exclusion


Innate Abilities, Weirdness & Mutations

You cannot wear most types of armour.
You are very stealthy in the water. (Stealth+)
You are amphibious.
You can wear up to eight rings at the same time.
You can use your tentacles to constrict eight enemies at once.
Your skin changes colour to match your surroundings (Stealth+).
Your rubbery body absorbs attacks. (AC +1, EV +1)


Message History

You closely miss the centaur.
The centaur is lightly wounded.
You block the centaur's attack. The ogre closely misses you.
The centaur hits you.
You hit the centaur but do no damage.
The centaur is lightly wounded.
You block the centaur's attack.
You hit the centaur.
The centaur is moderately wounded.
You block the centaur's attack. The ogre hits you with a +0 giant club.
You hit the centaur but do no damage. You squeeze the centaur.
The centaur is moderately wounded.
You block the centaur's attack. x2; The ogre hits you with a +0 giant club!
* * * LOW HITPOINT WARNING * * *
You hit the centaur.
The centaur is heavily wounded.
The centaur hits you!
* * * LOW HITPOINT WARNING * * *
The ogre hits you with a +0 giant club!
You die...

#. #. . .##. .. ...
..... .#..## .(>.. .....
...... .#.##..# $.....
........####..#..#
....###Oc........<
.........@....>.#..#
............(.......
##..#######.(##..#...
.... ##.# .# ##..# #.##
# ...########..#..#.
.######.##......).......
...............##.#..##.
######.##.###.......#


You could see an ogre and a centaur.

Vanquished Creatures
  An orc warrior (D:5)
  An ogre (D:5)
  Blork the orc (D:4)
  A scorpion (D:4)
  3 howler monkeys
  4 crimson imps
  A centaur zombie (D:5)
  4 hounds
  2 orc wizards (D:6)
  Ijyb (D:5)
  3 iguanas
  6 worker ants
  A hound skeleton (D:5)
  2 worker ant zombies (D:5)
  2 gnolls (D:6)
  4 adders
  2 shadow imps (D:5)
  2 oozes (D:1)
  6 worms
  2 dart slugs
  A leopard gecko (D:3)
  8 orcs
  3 ball pythons
  7 bats
  5 giant cockroaches
  5 goblins
  4 hobgoblins
  5 jackals
  9 frilled lizards
  8 kobolds
  A leopard gecko skeleton (D:4)
  A quokka zombie (D:5)
  4 rats (D:1)
110 creatures vanquished.

Notes
Turn   | Place    | Note
-------+----------+-------------------------------------------
     0 | D:1      | dazzled the Octopode Assassin began the quest for the Orb.
     0 | D:1      | Reached XP level 1. HP: 14/14 MP: 1/1
   215 | D:1      | Reached XP level 2. HP: 19/19 MP: 2/2
   322 | D:1      | Reached skill level 6 in Stealth
   441 | D:1      | Reached XP level 3. HP: 24/24 MP: 3/3
   804 | D:2      | Found a bloodstained altar of Trog.
   831 | D:2      | Found an iron altar of Okawaru.
   858 | D:2      | Became a worshipper of Warmaster Okawaru
   964 | D:2      | Noticed a killer bee
  1030 | D:2      | Found a snail-covered altar of Cheibriados.
  1032 | D:2      | Found a blossoming altar of Fedhas.
  1032 | D:2      | Found a deep blue altar of Sif Muna.
  1033 | D:2      | Found a shadowy altar of Dithmenos.
  1060 | D:2      | Noticed a killer bee
  1061 | D:2      | Noticed a killer bee
  1062 | D:2      | Noticed a killer bee
  1148 | D:2      | Noticed a killer bee
  1639 | D:3      | Reached skill level 7 in Stealth
  1639 | D:3      | Reached XP level 4. HP: 28/29 MP: 4/4
  1749 | D:3      | Found a glowing golden altar of the Shining One.
  2049 | D:3      | Found a radiant altar of Vehumet.
  2535 | D:3      | Found a burning altar of Makhleb.
  2539 | D:3      | Reached XP level 5. HP: 34/34 MP: 5/5
  2568 | D:4      | Reached skill level 8 in Stealth
  2840 | D:4      | Noticed Blork the orc
  2855 | D:4      | Killed Blork the orc
  2855 | D:4      | Reached * piety under Okawaru
  2855 | D:4      | Reached XP level 6. HP: 40/40 MP: 6/6
  2893 | D:4      | Found a sacrificial altar of Ru.
  2929 | D:4      | Reached skill level 1 in Invocations
  3423 | D:4      | Reached XP level 7. HP: 35/45 MP: 8/8
  3649 | D:5      | Entered Level 5 of the Dungeon
  3826 | D:5      | Noticed Ijyb
  3840 | D:5      | Killed Ijyb
  3853 | D:5      | Reached ** piety under Okawaru
  4166 | D:5      | Reached XP level 8. HP: 50/51 MP: 10/10
  4570 | D:5      | Reached skill level 1 in Shields
  4875 | D:6      | Found a stormy altar of Qazlal.
  4973 | D:5      | Reached skill level 5 in Short Blades
  5050 | D:5      | Learned a level 3 spell: Call Canine Familiar
  5053 | D:5      | Learned a level 2 spell: Call Imp
  5268 | D:6      | Slain by an ogre

Levels and vault maps discovered:
D:1:      psy_arrival_whirlpool, layout_basic
D:2:      layout_loops_ring, okawaru_ov_weapons_minmay,
          overflow_temple_1_default, grunt_temple_overflow_open
D:3:      layout_basic, makhleb_grotto_becter, lemuel_round_altar,
          overflow_temple_1_default
D:4:      layout_basic, nicolae_ru_the_path_less_chosen, uniq_blork_the_orc
D:5:      layout_cave_pools, first_ration, grunt_ministairs_10,
          minmay_crystal_room, st_stairs_3, uniq_ijyb
D:6:      layout_basic, grunt_qazlal_sundering

Skill      XL: |  1  2  3  4  5  6  7  8 |
---------------+-------------------------+-----
Stealth        | 6 7 8 |  8.8
Short Blades   | 3 4 5 |  5.2
Dodging        | 2 3 |  3.0
Invocations    | 1 3 |  3.3
Throwing       | 3 4 |  4.1
Fighting       | 3 |  3.5
Shields        | 2 |  2.1

Action                   |  1- 3 |  4- 6 |  7- 9 || total
-------------------------+-------+-------+-------++-------
Melee: Dagger            |    72 |    87 |   119 ||   278
       Constrict         |    10 |    19 |    25 ||    54
       Tentacles         |     8 |    15 |    35 ||    58
Throw: Dart              |       |    15 |    68 ||    83
  Use: Scroll            |     4 |       |     1 ||     5
       Potion            |     1 |       |     1 ||     2
 Stab: Sleeping          |    11 |    11 |     5 ||    27
       Distracted        |       |       |     1 ||     1
  Eat: Chunk             |     2 |     5 |     7 ||    14
Armor: Skin              |     6 |     4 |     5 ||    15
Dodge: Dodged            |    37 |    43 |    43 ||   123
Block: Large shield      |       |       |    20 ||    20

Table legend:
 A = Non-vault XP
 B = Vault XP
 C = Vault XP percentage of total XP
 D = Non-vault monster count
 E = Vault monster count
 F = Vault count percentage of total count
                 A         B        C        D         E       F
            +---------+---------+-------+---------+---------+-------
      Total |    1416 |     318 |  18.3 |     104 |       6 |   5.5
            +---------+---------+-------+---------+---------+-------
        D:1 |      45 |       0 |   0.0 |      23 |       0 |   0.0
        D:2 |      31 |       0 |   0.0 |      12 |       0 |   0.0
        D:3 |      76 |      50 |  39.7 |      20 |       1 |   4.8
        D:4 |     325 |      91 |  21.9 |      17 |       1 |   5.6
        D:5 |     816 |     177 |  17.8 |      23 |       4 |  14.8
        D:6 |     123 |       0 |   0.0 |       9 |       0 |   0.0
            +---------+---------+-------+---------+---------+-------
